 Dungeon Crawl Stone Soup version 0.16-a0-119-gc74d62a (webtiles) character file.

147 Ololoev the Cudgeler (level 5, -1/50 HPs)
             Began as an Ogre Hunter on Aug 12, 2014.
             Slain by an orc
             ... wielding a +0 flail
              (3 damage)
             ... on Level 3 of the Dungeon.
             The game lasted 00:04:19 (3124 turns).

Ololoev the Cudgeler (Ogre Hunter)                  Turns: 3124, Time: 00:04:20

HP  -1/50        AC  3     Str 18      XL: 5   Next: 29%
MP   5/5         EV 10     Int 10      God:
Gold 79          SH  0     Dex 10      Spells:  0 memorised,  4 levels left

rFire  . . .     SeeInvis .     g - +0 whip
rCold  . . .     Clarity  .     d - +0 animal skin
rNeg   . . .     rCorr    .     (shield restricted)
rPois  .         rRot     .     (helmet restricted)
rElec  .         Spirit   .     (no cloak)
SustAb .         Warding  .     (gloves unavailable)
rMut   .         Stasis   .     (boots unavailable)
Gourm  .                        (no amulet)
MR     .....                    (no ring)
                                (no ring)

@: not resistant to hostile enchantments, very unstealthy
A: unfitting armour, tough skin 1
a: no special abilities


You were on level 3 of the Dungeon.
You were not hungry.

You visited 1 branch of the dungeon, and saw 3 of its levels.

You collected 79 gold pieces.

Inventory:

Hand weapons
 g - a +0 whip (weapon)
Missiles
 b - 3 large rocks (quivered)
 c - 2 throwing nets
Armour
 d - a +0 animal skin (worn)
Comestibles
 f - 5 meat rations
 h - 2 bread rations
Scrolls
 a - 3 scrolls of identify {unknown}
 e - a scroll of noise {unknown}
 j - a scroll of fear {unknown}
 l - a scroll of blinking {unknown}
 m - 2 scrolls of teleportation {unknown}
 o - a scroll of random uselessness {unknown}
Potions
 i - a potion of might {unknown}
 k - a potion of restore abilities {unknown}


   Skills:
 - Level 2.6 Fighting
 + Level 6.6 Maces & Flails
 - Level 4.3 Throwing
 - Level 1.7 Dodging
 - Level 0.7 Stealth


You had 4 spell levels left.
You didn't know any spells.

Dungeon Overview and Level Annotations

Branches:
Dungeon (3/15)

Altars:
Makhleb


Innate Abilities, Weirdness & Mutations

You are too large for most types of armour.
You have tough skin (AC +1).


Message History

You throw a large rock.
The large rock barely misses the orc wizard.
The large rock hits the orc!
You kill the orc!
The orc wizard hits you with a dagger.
* * * LOW HITPOINT WARNING * * *
The orc barely misses you. The orc wizard casts a spell at you.
The magic dart hits you!
* * * LOW HITPOINT WARNING * * *
Throwing (i - inventory. (,) - cycle):
b - 4 large rocks (quivered)
Press: ? - help, Shift-Dir - straight line, f/p - orc wizard
Aim: an orc wizard, wielding a dagger and wearing a robe (fast)
You throw a large rock. The large rock hits the orc wizard.
The orc wizard is lightly wounded.
The orc wizard gestures at you while chanting.
The puff of flame hits you!
* * * LOW HITPOINT WARNING * * *
The orc hits you with a flail.
You die...

### ###
######.#### #.#..
........... .#.#
###.....## ...
##...## #(# ##.##
##o## #.# #o@)###
#.# #.....# ##'##
#?..#.# ##...##
#####.# ##.....##
##..# ##.)%....#
##...####.........
#.>.....'.........
#....####.........
#.#.## ##.......#


You could see an orc wizard and an orc.

Vanquished Creatures
  An orc priest (D:3)
  An iguana (D:2)
  5 adders (D:2)
  A giant gecko (D:1)
  An ooze (D:1)
  2 orcs (D:3)
  2 ball pythons
  2 giant cockroaches (D:1)
  9 hobgoblins
  4 bats
  3 giant newts
  6 goblins
  7 kobolds
  6 rats
50 creatures vanquished.

Notes
Turn   | Place    | Note
--------------------------------------------------------------
     0 | D:1      | Ololoev, the Ogre Hunter, began the quest for the Orb.
     0 | D:1      | Reached XP level 1. HP: 22/22 MP: 1/1
   269 | D:1      | Reached XP level 2. HP: 26/29 MP: 2/2
  1173 | D:2      | Reached XP level 3. HP: 36/36 MP: 3/3
  1643 | D:2      | Reached XP level 4. HP: 40/44 MP: 4/4
  1659 | D:2      | Found a burning altar of Makhleb.
  1677 | D:2      | Reached skill level 5 in Maces & Flails
  2520 | D:2      | Reached skill level 6 in Maces & Flails
  2847 | D:3      | Reached XP level 5. HP: 22/50 MP: 5/5
  3124 | D:3      | HP: 2/50 [orc wizard/puff of flame (6)]
  3124 | D:3      | Slain by an orc

Action                   |  1- 3 |  4- 6 || total
-------------------------+-------+-------++-------
Melee: Club              |    29 |       ||    29
       Whip              |   123 |   107 ||   230
Throw: Large rock        |       |     3 ||     3
 Stab: Sleeping          |     1 |       ||     1
  Eat: Chunk             |     2 |     5 ||     7
